 Dungeon Crawl Stone Soup version 0.24-a0-528-g98e85ec (webtiles) character file.

Game seed: 318984017061466818

149 BoppinsLewinski the Ruffian (level 5, -6/46 HPs)
             Began as a Draconian Monk on Aug 6, 2019.
             Mangled by Pikel
             ... wielding a +0 whip of flaming
              (9 damage)
             ... on level 6 of the Dungeon.
             The game lasted 00:05:20 (2072 turns).

BoppinsLewinski the Ruffian (Draconian Monk)        Turns: 2072, Time: 00:05:21

Health: -6/46      AC:  6    Str: 11 (14) XL:     5   Next: 9%
Magic:  5/5        EV: 13    Int: 13 (16) God:
Gold:   123        SH:  0    Dex: 10 (13) Spells: 4/4 levels left

rFire    . . .     SeeInvis .     - Unarmed
rCold    . . .     Gourm    .   (no shield)
rNeg     . . .     Faith    .   (armour unavailable)
rPois    .         Spirit   .   (helmet restricted)
rElec    .         Reflect  .   (no cloak)
rCorr    .         Harm     .   (no gloves)
MR       .....                  d - +0 pair of boots
Stlth    ++........             (no amulet)
HPRegen  0.15/turn              (no ring)
MPRegen  0.09/turn              (no ring)

@: brilliant, about to teleport
A: unfitting armour, cold-blooded, AC +5
a: no special abilities


You were on level 6 of the Dungeon.
You were hungry.

You visited 1 branch of the dungeon, and saw 4 of its levels.

You collected 123 gold pieces.

Inventory:

Armour
 d - a +0 pair of boots (worn)
Scrolls
 f - a scroll of enchant armour {unknown}
 h - 2 scrolls of identify {unknown}
 i - a scroll of magic mapping {unknown}
Potions
 k - a potion of brilliance
Comestibles
 a - 4 rations


   Skills:
 + Level 4.2 Fighting
 + Level 3.4 Dodging
 - Level 1.7 Stealth
 * Level 4.6 Unarmed Combat


You had 4 spell levels left.
You didn't know any spells.
Your spell library was empty.

Dungeon Overview and Level Annotations

Branches:
Dungeon (3/15)

Altars:
Okawaru
Ru
Xom
Zin

Annotations:
D:6 Pikel


Innate Abilities, Weirdness & Mutations

Your plain brown scales are hard. (AC +5)
You cannot fit into any form of body armour.
You are cold-blooded and may be slowed by cold attacks.


Message History

Pikel is moderately wounded.
Pikel completely misses you.
You hit Pikel but do no damage.
Your tail-slap misses Pikel.
Pikel is moderately wounded.
Pikel hits you with a +0 whip of flaming.
* * * LOW HITPOINT WARNING * * *
Pikel burns you.
* * * LOW HITPOINT WARNING * * *
The crimson imp blinks!
As you read the scroll labeled JEBRETR MICLU, it crumbles to dust.
You feel strangely unstable.
It was a scroll of teleportation.
Pikel hits you with a +0 whip of flaming.
* * * LOW HITPOINT WARNING * * *
Pikel burns you.
* * * LOW HITPOINT WARNING * * *
As you read the scroll labeled TON MYAFRIFOPH, it crumbles to dust.
You feel blessed for a moment.
It was a scroll of remove curse.
Pikel hits you but does no damage.
Pikel hits you with a +0 whip of flaming!
You die...

#.... ... #...
#.. #... #.#
###.# #.#
##...#####.#.
#.......5....
####..####...###
###ppp.####...(#
#@Kp#...))pp..##
###############


You could see Pikel and 4 slaves.

Vanquished Creatures
  An orc wizard (D:6)
  An iguana (D:3)
  2 adders (D:2)
  An ooze (D:1)
  2 dart slugs
  A leopard gecko (D:1)
  5 orcs
  8 bats
  2 giant cockroaches
  8 goblins
  10 hobgoblins
  7 kobolds
  5 frilled lizards
  7 rats
60 creatures vanquished.

Notes
Turn   | Place    | Note
-------+----------+-------------------------------------------
     0 | D:1      | BoppinsLewinski the Draconian Monk began the quest for the
                  | Orb.
     0 | D:1      | Reached XP level 1. HP: 19/19 MP: 1/1
   211 | D:1      | Reached XP level 2. HP: 17/26 MP: 2/2
   283 | D:1      | Found an iron altar of Okawaru.
   510 | D:1      | Reached XP level 3. HP: 32/33 MP: 3/3
  1370 | D:2      | Reached XP level 4. HP: 34/40 MP: 4/4
  1507 | D:2      | Noticed an angel
  1509 | D:2      | Found a shimmering altar of Xom.
  1515 | D:2      | Found a glowing silver altar of Zin.
  1932 | D:3      | Found a sacrificial altar of Ru.
  1957 | D:3      | You fall into a shaft and drop 3 floors!
  2006 | D:6      | Reached XP level 5. HP: 32/46 MP: 5/5
  2024 | D:6      | Noticed Pikel
  2028 | D:6      | Noticed a slave
  2034 | D:6      | Noticed a slave
  2039 | D:6      | Noticed a slave
  2045 | D:6      | Noticed a slave
  2072 | D:6      | Mangled by Pikel

Levels and vault maps discovered:
D:1:      dpeg_arrival_circle_labyrinth_b, layout_basic,
          okawaru_ov_weapons_minmay
D:2:      layout_basic, grunt_temple_overflow_order_and_chaos_1
D:3:      layout_loops_corners, hangedman_ru_absence
D:6:      layout_rooms, serial_curves, eino_curves_04, eino_curves_04,
          hangedman_decor_peaks_small, xom_teletrap_fun, uniq_duvessa,
          uniq_sigmund, uniq_edmund, uniq_pikel

Skill      XL: |  1  2  3  4 |
---------------+-------------+-----
Dodging        | 3 |  3.4
Unarmed Combat | 4 |  4.6
Fighting       | 4 |  4.2
Stealth        | |  1.7

Action                   |  1- 3 |  4- 6 || total
-------------------------+-------+-------++-------
Melee: Unarmed           |   110 |   107 ||   217
       Tailslap          |     8 |     8 ||    16
       Punch             |     2 |     2 ||     4
  Use: Potion            |       |     6 ||     6
       Scroll            |       |     2 ||     2
 Stab: Sleeping          |     9 |     5 ||    14
       Invisible         |       |     5 ||     5
  Eat: Chunk             |     1 |     2 ||     3
Armor: Skin              |    42 |    22 ||    64
Dodge: Dodged            |    56 |    50 ||   106

Table legend:
 A = Non-vault XP
 B = Vault XP
 C = Vault XP percentage of total XP
 D = Non-vault monster count
 E = Vault monster count
 F = Vault count percentage of total count
                 A         B        C        D         E       F
            +---------+---------+-------+---------+---------+-------
      Total |     213 |       0 |   0.0 |      60 |       0 |   0.0
            +---------+---------+-------+---------+---------+-------
        D:1 |      45 |       0 |   0.0 |      23 |       0 |   0.0
        D:2 |      63 |       0 |   0.0 |      23 |       0 |   0.0
        D:3 |      51 |       0 |   0.0 |       9 |       0 |   0.0
        D:6 |      54 |       0 |   0.0 |       5 |       0 |   0.0
            +---------+---------+-------+---------+---------+-------
